 Dungeon Crawl Stone Soup version 0.17-a0-1007-gb2305a1 (webtiles) character file.

79 Const the Gusty (level 4, -3/24 HPs)
             Began as a Tengu Air Elementalist on May 13, 2015.
             Slain by a gnoll
             ... wielding a +0 halberd
              (7 damage)
             ... on level 2 of the Dungeon.
             The game lasted 00:07:17 (1317 turns).

Const the Gusty (Tengu Air Elementalist)            Turns: 1317, Time: 00:07:17

Health: -3/24      AC:  2    Str:  9 (10) XL:     4   Next: 38%
Magic:  2/9        EV: 13    Int: 14 (15) God:
Gold:   49         SH:  0    Dex: 14      Spells: 3 memorised, 4 levels left

rFire  . . .     SeeInvis .     (no weapon)
rCold  . . .     Clarity  .     a - +0 robe
rNeg   . . .     SustAb   .     (no shield)
rPois  .         Gourm    .     (helmet restricted)
rElec  .         Spirit   .     (no cloak)
rCorr  .         Warding  .     (no gloves)
rMut   .         Rnd*Tele +     (boots unavailable)
MR     .....                    (no amulet)
Stlth  ++........               (no ring)
                                (no ring)

@: swift, repel missiles, very quick, not resistant to hostile enchantments,
unstealthy
A: beak, talons 3, breathe flames 1, deterioration 1, teleportitis 1
a: Breathe Fire


You were on level 2 of the Dungeon.
You were not hungry.

You visited 1 branch of the dungeon, and saw 2 of its levels.

You collected 49 gold pieces.

Inventory:

Armour
 a - a +0 robe (worn)
Jewellery
 h - an uncursed ring of fire {unknown}
Scrolls
 d - a scroll of recharging {unknown}
 e - a scroll of teleportation {unknown}
 f - a scroll of remove curse {unknown}
 i - a scroll of fog {unknown}
Potions
 m - a potion of heal wounds {unknown}
Books
 b - a book of Air

   Spells                             Type                      Level
   a - Shock                          Conjuration/Air              1
   b - Swiftness                      Charms/Air                   2
   c - Repel Missiles                 Charms/Air                   2
   d - Flight                         Charms/Air                   3
   e - Static Discharge               Conjuration/Air              3
   f - Lightning Bolt                 Conjuration/Air              5
Comestibles
 c - 2 bread rations
 g - a beef jerky
 j - a slice of pizza
 k - a meat ration
 l - 2 chunks of flesh


   Skills:
 + Level 2.7 Dodging
 + Level 2.1 Stealth
 + Level 0.2 Unarmed Combat
 + Level 3.0 Spellcasting
 + Level 1.7 Conjurations
 + Level 0.1 Charms
 + Level 5.0 Air Magic


You had 4 spell levels left.
You knew the following spells:

 Your Spells              Type           Power        Failure   Level  Hunger
a - Shock                 Conj/Air       ##..         6%          1    #......
b - Repel Missiles        Chrm/Air       #.....       14%         2    ##.....
c - Swiftness             Chrm/Air       #.......     14%         2    ##.....


Dungeon Overview and Level Annotations

Branches:
Dungeon (2/15)

Altars:
Ru


Innate Abilities, Weirdness & Mutations

You have a beak for a mouth.
You have claws for feet.
You can breathe flames.
Your body sometimes deteriorates upon taking damage.
You are occasionally teleported to nearby monsters.


Message History

* * * LOW HITPOINT WARNING * * *
Your body deteriorates!
You feel weakened.
The gnoll hits you with an enchanted whip.
* * * LOW HITPOINT WARNING * * *
You see here a halberd.
Things that are here:
a club; a kobold corpse A giant cockroach comes into view.
The gnoll hits you with an enchanted whip.
* * * LOW HITPOINT WARNING * * *
There is a stone staircase leading down here.
The giant cockroach bites you but does no damage.
The giant cockroach misses you. The gnoll barely misses you.
Casting: Shock
Confirm with . or Enter, or press ? or * to list all spells.
You feel quick.
The giant cockroach bites you but does no damage.
The gnoll hits you from afar with a halberd!
You die...

#.. ##.. ## #. #.###... l. #.
#####.....#+#+# . #. #.
.............# ...###. #.
#.#.......#.#####.!.....##.
#....>..................†..
#...#...#g#####...#########
#.......gs### #.# #..##...#.@.#
#.######
###...†...#.#.#####......##
#...).(...............<....
#..)###.#........##........ .
###(..###.#.#...#.....##.......
#...............#..............
#...............#...#.).....###
#.........#.....#...#......##
#..........................#


You could see 2 gnolls and a giant cockroach.

Vanquished Creatures
  An orc wizard (D:2)
  4 adders (D:2)
  A giant gecko (D:2)
  3 bats
  2 giant cockroaches (D:2)
  4 goblins
  4 hobgoblins
  4 kobolds
  A quokka (D:2)
  3 rats
27 creatures vanquished.

Notes
Turn   | Place    | Note
--------------------------------------------------------------
     0 | D:1      | Const the Tengu Air Elementalist began the quest for the Orb.
     0 | D:1      | Reached XP level 1. HP: 10/10 MP: 4/4
   304 | D:1      | Reached XP level 2. HP: 15/15 MP: 4/6
   668 | D:2      | Learned a level 2 spell: Repel Missiles
   671 | D:2      | Learned a level 2 spell: Swiftness
   842 | D:2      | Gained mutation: You can breathe flames. [potion of mutation]
   842 | D:2      | Gained mutation: You are occasionally teleported to nearby monsters. [potion of mutation]
   842 | D:2      | Gained mutation: Your body sometimes deteriorates upon taking damage. [potion of mutation]
   843 | D:2      | Reached XP level 3. HP: 10/19 MP: 0/7
  1048 | D:2      | Found a sacrificial altar of Ru.
  1077 | D:2      | Reached XP level 4. HP: 12/24 MP: 1/9
  1224 | D:2      | Reached skill level 5 in Air Magic
  1317 | D:2      | Slain by a gnoll

Vault maps used:
D:1:      minmay_arrival_loop
D:2:      nicolae_ru_great_annihilating_truth, uniq_robin

Action                   |  1- 3 |  4- 6 || total
-------------------------+-------+-------++-------
Melee: Unarmed           |    38 |    13 ||    51
 Cast: Shock             |    43 |    21 ||    64
       Repel Missiles    |     1 |       ||     1
       Swiftness         |     2 |     1 ||     3
  Use: Potion            |     2 |       ||     2
 Stab: Paralysed         |     5 |       ||     5
  Eat: Chunk             |     1 |     1 ||     2
